 Dungeon Crawl Stone Soup version 0.31-a0-833-gc15d34cb79 (webtiles) character file.

Game seed: 14061143678073566026

3118 subawu the Grappler (level 9, -3/65 (68) HPs)
             Began as a Gnoll Shapeshifter on Sept 25, 2023.
             Slain by a gnoll
             ... wielding a +0 club
              (4 damage)
             ... on level 7 of the Dungeon.
             The game lasted 00:24:05 (7271 turns).

subawu the Grappler (Gnoll Shapeshifter)            Turns: 7271, Time: 00:24:06

HP:   -3/65 (68)    AC: 13    Str: 17    XL:     9   Next: 91%
MP:   16/16         EV: 10    Int:  9    God:
Gold: 486           SH:  0    Dex: 13    Spells: 17/17 levels left

rFire   . .          .
                       - Unarmed
rCold   . . .        q - melded +0 buckler
rNeg    . . .        s - +1 chain mail
rPois   .            (no helmet)
rElec   .            (no cloak)
rCorr   .            p - +0 pair of gloves
SInv    .            (no boots)
Will    .....        (no amulet) Stlth
                     (no ring)
HPRegen 0.30/turn    (no ring)
MPRegen 0.15/turn

%: no passive effects
@: flux-form, glowing, lightly drained
A: glow, contaminating, fangs 1, strong nose, distributed training, talons 1,
iridescent scales 1
a: Begin Untransformation


You were on level 7 of the Dungeon.
You were something dangerously unstable.
You visited 2 branches of the dungeon, and saw 8 of its levels.

You collected 486 gold pieces.

Inventory:

Missiles
 o - 47 stones
Armour
 a - a +0 animal skin
 b - the +18 Lear's hauberk
   (You acquired it on level 6 of the Dungeon)
 j - a +0 scale mail
 p - a +0 pair of gloves (worn)
 q - a +0 buckler (melded)
 s - a +1 chain mail (worn)
 u - a +0 ring mail
Talismans
 c - a beast talisman
 d - a flux talisman (active)
Wands
 e - a wand of flame (7)
 f - a wand of quicksilver (15)
 r - a wand of digging (6)
 y - a wand of paralysis (2)
 B - a wand of roots (3)
Scrolls
 h - 2 scrolls of teleportation
 k - a scroll of torment
 l - 2 scrolls of identify
 m - a scroll of immolation
 n - 2 scrolls of revelation
 x - 2 scrolls of enchant weapon {unknown}
 z - a scroll of fog {unknown}
 C - a scroll of poison
Potions
 g - a potion of invisibility
 i - 3 potions of degeneration
 v - a potion of curing
 A - a potion of heal wounds
 D - a potion of magic {unknown}


   Skills:
 + Level 5.5 Fighting
 + Level 4.8 Short Blades
 + Level 4.8 Long Blades
 + Level 4.8 Axes
 + Level 4.8 Maces & Flails
 + Level 4.8 Polearms
 + Level 4.8 Staves
 + Level 4.8 Ranged Weapons
 + Level 4.8 Throwing
 + Level 4.8 Armour
 + Level 6.7 Dodging
 + Level 4.8 Stealth
 + Level 4.8 Shields
 + Level 8.2 Unarmed Combat
 + Level 4.8 Spellcasting
 + Level 3.9 Conjurations
 + Level 3.9 Hexes
 + Level 3.9 Summonings
 + Level 3.9 Necromancy
 + Level 3.9 Translocations
 + Level 3.9 Transmutations
 + Level 3.9 Fire Magic
 + Level 3.9 Ice Magic
 + Level 3.9 Air Magic
 + Level 3.9 Earth Magic
 + Level 3.9 Poison Magic
 + Level 5.2 Invocations
 + Level 4.8 Evocations
 + Level 7.9 Shapeshifting


You had 17 spell levels left.
You didn't know any spells.
Your spell library contained the following spells:

 Spells                   Type           Power      Damage    Failure   Level
 Sting                    Tmut/Pois      36%        1d4       43%         1
 Poisonous Vapours        Pois/Air       18%        N/A       56%         2
 Mephitic Cloud           Conj/Pois/Air  9%         N/A       80%         3
 Olgreb's Toxic Radiance  Pois           9%         N/A       99%         4
 Freezing Cloud           Conj/Ice/Air   4%         6-21      100%        5


Dungeon Overview and Level Annotations

Branches:
Dungeon (7/15)             Temple (1/1) D:4

Altars:
Ashenzari
Cheibriados
Dithmenos
Elyvilon
Fedhas
Gozag
Hepliaklqana
Kikubaaqudgha
Makhleb
Okawaru
Ru
Sif Muna
Trog
Uskayaw
Vehumet
Wu Jian
Xom
Yredelemnul
The Shining One


Innate Abilities, Weirdness & Mutations

You are something dangerously unstable.
You glow with magical radiation, making you easy to see and hit.
Foes you strike become dangerously contaminated with magical radiation.
You are incapable of wielding weapons or throwing items.
You have very sharp teeth.
Your uncanny sense of smell can sniff out nearby items.
Your experience applies equally to all skills.
You have sharp toenails.
You are partially covered in iridescent scales. (AC +2)


Message History

You hit the gnoll.
The gnoll glows dangerously bright.
The gnoll is severely wounded.
The gnoll barely misses you. The gnoll hits you with a +0 whip.
The gnoll hits you but does no damage.
You hit the gnoll.
You kill the gnoll!
The gnoll barely misses you. The gnoll closely misses you.
The gnoll hits you with a +0 whip. The gnoll barely misses you.
Items here: ( )) †.
A wight comes into view. It is wielding a +0 long sword.
The gnoll hits you but does no damage. The gnoll hits you with a +0 club.
The gnoll hits you but does no damage. The gnoll attacks as it pursues you!
The gnoll hits you but does no damage.
A wight comes into view. It is wielding a +0 halberd.
You closely miss the gnoll. You claw the gnoll, but do no damage.
The gnoll barely misses you. The gnoll hits you with a +0 club.
You punch the gnoll!
The gnoll begins to glow.
You claw the gnoll.
The gnoll is severely wounded.
The gnoll hits you with a +0 whip.
The sleepcap releases spores at you but does no damage.
You punch the gnoll!
You kill the gnoll!
The gnoll hits you but does no damage. The sleepcap closely misses you.
The gnoll hits you but does no damage.
Things that are here:
a +0 whip; a gnoll corpse; a howler monkey corpse You hit the sleepcap.
The sleepcap begins to glow.
You claw the sleepcap.
The sleepcap is lightly damaged.
The sleepcap releases spores at you.
You are engulfed in a cloud of soporific spores!
You fall asleep.
The gnoll hits you but does no damage.
The sleepcap releases spores at you but does no damage.
The wight hits you with a +0 long sword!!
You wake up.
* * * LOW HITPOINT WARNING * * *
You feel drained.
* * * LOW HITPOINT WARNING * * *
The gnoll hits you with a +0 club.
You die...

........ .. #..P#P.#P..#
#.......PP.#
##.....#.P..#
#..§.P.§..P.##
.§..P§PP....#
#.zP.PP.§...
##.$z.#P$....
#...p#.....<.
#..gf.#P##.#
#....#§.##.#
##......#..#
#####.<..###..#
#.......#....######
#.###.............###.##
#........######........#
#####.#.##
####.###.###.#


You could see a sleepcap (contam), 2 wights and a gnoll.

Vanquished Creatures
  Pikel (D:5)
  Prince Ribbit (D:5)
  Grinder (D:5)
  Sigmund (D:6)
  Eustachio (D:6)
  A steam dragon (D:6)
  Edmund (D:6)
  Duvessa (D:5)
  3 ice beasts
  A sky beast (D:6)
  A lemure (D:5)
  A centaur (D:6)
  2 bullfrogs
  A scorpion (D:3)
  Dowan (D:5)
  4 howler monkeys
  11 hounds
  An orc priest (D:4)
  A gnoll bouda (D:6)
  2 jellies
  An iguana (D:6)
  5 orc wizards
  Robin (D:4)
  6 adders
  6 gnolls
  An ufetubus (D:3)
  A worm (D:4)
  3 dart slugs
  10 orcs
  6 ball pythons
  8 endoplasms
  6 giant cockroaches
  12 goblins
  12 hobgoblins
  10 jackals
  6 kobolds
  6 quokkas
  8 bats
  3 frilled lizards
  5 rats
153 creatures vanquished.

Notes
Turn   | Place    | Note
-------+----------+-------------------------------------------
     0 | D:1      | subawu the Gnoll Shapeshifter began the quest for the Orb.
     0 | D:1      | Reached XP level 1. HP: 17/17 MP: 1/1
   124 | D:1      | Reached XP level 2. HP: 23/23 MP: 2/2
   451 | D:1      | Reached XP level 3. HP: 28/28 MP: 3/3
   718 | D:2      | Reached skill level 1 in Invocations
   785 | D:2      | Reached skill level 1 in Short Blades
   785 | D:2      | Reached skill level 1 in Long Blades
   785 | D:2      | Reached skill level 1 in Axes
   785 | D:2      | Reached skill level 1 in Maces & Flails
   785 | D:2      | Reached skill level 1 in Polearms
   785 | D:2      | Reached skill level 1 in Staves
   785 | D:2      | Reached skill level 1 in Ranged Weapons
   785 | D:2      | Reached skill level 1 in Throwing
   785 | D:2      | Reached skill level 1 in Armour
   785 | D:2      | Reached skill level 1 in Stealth
   785 | D:2      | Reached skill level 1 in Shields
   785 | D:2      | Reached skill level 1 in Spellcasting
   785 | D:2      | Reached skill level 1 in Evocations
   956 | D:2      | Reached XP level 4. HP: 34/34 MP: 5/5
  1049 | D:2      | Found an opulent altar of Gozag.
  1974 | D:2      | Gained mutation: You have sharp toenails. [potion of
                  | mutation]
  1974 | D:2      | Gained mutation: You are partially covered in iridescent
                  | scales. (AC +2) [potion of mutation]
  2032 | D:3      | Reached skill level 1 in Conjurations
  2032 | D:3      | Reached skill level 1 in Hexes
  2032 | D:3      | Reached skill level 1 in Summonings
  2032 | D:3      | Reached skill level 1 in Necromancy
  2032 | D:3      | Reached skill level 1 in Translocations
  2032 | D:3      | Reached skill level 1 in Transmutations
  2032 | D:3      | Reached skill level 1 in Fire Magic
  2032 | D:3      | Reached skill level 1 in Ice Magic
  2032 | D:3      | Reached skill level 1 in Air Magic
  2032 | D:3      | Reached skill level 1 in Earth Magic
  2032 | D:3      | Reached skill level 1 in Poison Magic
  2094 | D:3      | Found a basalt altar of Yredelemnul.
  2229 | D:3      | Noticed a scorpion
  2235 | D:3      | Killed a scorpion
  2236 | D:3      | Reached XP level 5. HP: 37/41 MP: 5/7
  2926 | D:4      | Noticed Robin
  2952 | D:4      | HP: 2/41 [goblin/+0 club[Robin] (1)]
  2958 | D:4      | Killed Robin
  3165 | D:4      | Found a radiant altar of Vehumet.
  3264 | D:4      | Found a staircase to the Ecumenical Temple.
  3281 | Temple   | Entered the Ecumenical Temple
  3461 | D:4      | Reached XP level 6. HP: 35/47 MP: 8/8
  3579 | D:4      | Reached skill level 5 in Dodging
  3592 | D:4      | Found an iron altar of Okawaru.
  3989 | D:4      | Reached XP level 7. HP: 52/52 MP: 10/10
  4006 | D:4      | Reached skill level 7 in Unarmed Combat
  4270 | D:5      | Entered Level 5 of the Dungeon
  4326 | D:5      | Noticed Duvessa
  4326 | D:5      | Noticed Dowan
  4337 | D:5      | Killed Duvessa
  4341 | D:5      | Killed Dowan
  4565 | D:5      | Found a white marble altar of Elyvilon.
  4646 | D:5      | Noticed Prince Ribbit
  4679 | D:5      | Killed Prince Ribbit
  4680 | D:5      | Reached XP level 8. HP: 22/60 MP: 12/12
  4821 | D:5      | Found a blossoming altar of Fedhas.
  4823 | D:5      | Found a hide-covered altar of Uskayaw.
  4823 | D:5      | Found a sacrificial altar of Ru.
  5074 | D:5      | Paralysed by an orc for 4 turns
  5087 | D:5      | Paralysed by an orc for 5 turns
  5113 | D:5      | Noticed Pikel
  5123 | D:5      | Killed Pikel
  5810 | D:5      | Noticed Grinder
  5821 | D:5      | Paralysed by Grinder for 5 turns
  5828 | D:5      | Paralysed by Grinder for 5 turns
  5837 | D:5      | Paralysed by Grinder for 4 turns
  5843 | D:5      | Killed Grinder
  5844 | D:5      | Reached XP level 9. HP: 59/67 MP: 13/15
  6015 | D:6      | Reached skill level 5 in Fighting
  6412 | D:6      | Noticed Edmund
  6425 | D:6      | Killed Edmund
  6426 | D:6      | Reached skill level 8 in Unarmed Combat
  6516 | D:6      | Noticed Sigmund
  6545 | D:6      | Killed Sigmund
  6546 | D:6      | Reached skill level 5 in Invocations
  6597 | D:6      | Noticed Eustachio
  6606 | D:6      | Killed Eustachio
  6722 | D:6      | Identified a scroll of acquirement
  6722 | D:6      | Acquired the +18 Lear's hauberk
  6722 | D:6      | Found the +18 Lear's hauberk
  6916 | D:6      | Found a glowing golden altar of the Shining One.
  7127 | D:7      | Found a hazy altar of Hepliaklqana.
  7271 | D:7      | HP: 1/65 [wight/+0 long sword (7)]
  7271 | D:7      | Slain by a gnoll

Illustrated notes

Levels and vault maps discovered:
D:1:      dpeg_arrival_oval, layout_basic
D:2:      minmay_spotlight, layout_basic, basic_altar,
          nicolae_concentric_dashed_squares_wild, minivault_11,
          kennysheep_generic_room_10
D:3:      layout_basic, amcnicky_altar_gilded
D:4:      layout_gridville, nicolae_vehumet_altar_sigil,
          okawaru_metal_pillars_1_2, minmay_temple_entry_large_hall, uniq_robin
D:5:      layout_loops_ring, elyvilon_altar_3, minitemple, uniq_duvessa,
          uniq_grinder, uniq_pikel, uniq_prince_ribbit1
D:6:      layout_cave_pools, tso_oasis_becter, palyth_stone_intersect,
          uniq_eustachio, uniq_sigmund, uniq_edmund
D:7:      layout_loops_ring, nicolae_hepliaklqana_hazy_memory, feat_on_display
Temple:   nicolae_temple_cloud_nine

Skill      XL: |  1  2  3  4  5  6  7  8  9 |
---------------+----------------------------+-----
Invocations    | 1 2 3 4 5 |  5.2
Short Blades   | 1 2 3 4 |  4.8
Long Blades    | 1 2 3 4 |  4.8
Axes           | 1 2 3 4 |  4.8
Maces & Flails | 1 2 3 4 |  4.8
Polearms       | 1 2 3 4 |  4.8
Staves         | 1 2 3 4 |  4.8
Ranged Weapons | 1 2 3 4 |  4.8
Throwing       | 1 2 3 4 |  4.8
Armour         | 1 2 3 4 |  4.8
Stealth        | 1 2 3 4 |  4.8
Shields        | 1 2 3 4 |  4.8
Spellcasting   | 1 2 3 4 |  4.8
Evocations     | 1 2 3 4 |  4.8
Conjurations   | 1 2 3 |  3.9
Hexes          | 1 2 3 |  3.9
Summonings     | 1 2 3 |  3.9
Necromancy     | 1 2 3 |  3.9
Translocations | 1 2 3 |  3.9
Transmutations | 1 2 3 |  3.9
Fire Magic     | 1 2 3 |  3.9
Ice Magic      | 1 2 3 |  3.9
Air Magic      | 1 2 3 |  3.9
Earth Magic    | 1 2 3 |  3.9
Poison Magic   | 1 2 3 |  3.9
Fighting       | 3 4 5 |  5.5
Dodging        | 5 6 |  6.7
Unarmed Combat | 7 8 |  8.2
Shapeshifting  | 7 |  7.9

Action                     |  1- 3 |  4- 6 |  7- 9 || total
---------------------------+-------+-------+-------++-------
  Melee: Unarmed           |    85 |   139 |   231 ||   455
         Bite              |     5 |    10 |    38 ||    53
         Punch             |     3 |       |       ||     3
         Kick              |       |    23 |    82 ||   105
    Use: Scroll            |     1 |     9 |     6 ||    16
         Potion            |       |     6 |     2 ||     8
 Armour: Animal skin       |    35 |       |       ||    35
         Scale mail        |    39 |    22 |       ||    61
         Chain mail        |       |   124 |   263 ||   387
         Skin              |       |       |    11 ||    11
  Dodge: Dodged            |    86 |    77 |   102 ||   265
  Block: Buckler           |     1 |    38 |     3 ||    42
         Form:             |     1 |       |       ||     1
         Beast             |     1 |       |       ||     1
         Flux              |       |       |     1 ||     1

Table legend: (Time is in decaauts)
 A = Elapsed time spent in this place.
 B = Non-inter-level travel time spent in this place.
 C = Inter-level travel time spent in this place.
 D = Time resting spent in this place.
 E = Time spent auto-exploring this place.
 F = Levels seen in this place.
 G = Mean time per level.
                   A        B        C        D        E       F      G
               +--------+--------+--------+--------+--------+-----+--------+
         Total |   7198 |   6968 |    230 |   1550 |   2567 |   8 |  899.8 |
       Dungeon |   7130 |   6900 |    230 |   1550 |   2567 |   7 | 1018.6 |
        Temple |     68 |     68 |      0 |      0 |      0 |   1 |   68.0 |
               +--------+--------+--------+--------+--------+-----+--------+

Top non-repeatable levels by time:
     D:5: 1612 daAuts
     D:2: 1316 daAuts
     D:4: 1270 daAuts
     D:6: 1217 daAuts
     D:3: 899 daAuts
     D:1: 674 daAuts
     D:7: 139 daAuts
  Temple: 68 daAuts
